 Dungeon Crawl Stone Soup version 0.25-a0-890-g62861fb (webtiles) character file.

Game seed: 5647939170837117467, levelgen mode: deterministic

261 BlueFish the Insei (level 6, -1/39 HPs)
             Began as an Octopode Transmuter on May 6, 2020.
             Slain by Grinder (11 damage)
             ... on level 3 of the Dungeon.
             The game lasted 00:07:13 (3060 turns).

BlueFish the Insei (Octopode Transmuter)            Turns: 3060, Time: 00:07:13

Health: -1/39      AC:  1    Str: 11    XL:     6   Next: 18%
Magic:  9/10       EV: 14    Int: 15    God:
Gold:   169        SH:  0    Dex: 13    Spells: 4/10 levels left

rFire    . . .     SeeInvis .     - Unarmed
rCold    . . .     Gourm    .   (no shield)
rNeg     . . .     Faith    .   (helmet restricted)
rPois    .         Spirit   .   (no amulet)
rElec    .         Reflect  .   (no ring)
rCorr    .         Harm     .   (no ring)
MR       .....                  (no ring)
Stlth    +++.......             (no ring)
HPRegen  0.13/turn              (no ring)
MPRegen  0.12/turn              (no ring)
                                (no ring)
                                (no ring)

@: appendage (expiring)
A: almost no armour, stealthy swim, amphibious, 8 rings, constrict 8, tentacle
spike 3, camouflage 1, gelatinous body 1
a: End Transformation


You were on level 3 of the Dungeon.
You were hungry.
One of your tentacles had a temporary spike.
You visited 1 branch of the dungeon, and saw 3 of its levels.
You also visited: Sewer.

You collected 169 gold pieces.

Inventory:

Missiles
 a - 33 arrows
Wands
 p - a wand of digging (4)
Scrolls
 d - a scroll of magic mapping
 e - 4 scrolls of teleportation
 f - a scroll of amnesia
 g - a scroll of blinking
 h - a scroll of remove curse
Potions
 b - a potion of brilliance
 i - a potion of heal wounds
 k - a potion of resistance
 l - a potion of flight {unknown}
 m - a potion of haste {unknown}
 n - a potion of degeneration {unknown}
Comestibles
 c - 4 rations


   Skills:
 * Level 2.0 Fighting
 * Level 2.6 Dodging
 * Level 2.8 Stealth
 * Level 4.3 Unarmed Combat
 + Level 2.6 Spellcasting
 * Level 3.2 Transmutations
 * Level 1.4 Poison Magic


You had 4 spell levels left.
You knew the following spells:

 Your Spells              Type           Power        Failure   Level  Hunger
a - Beastly Appendage     Tmut           ##....       5%          1    #......
b - Sticks to Snakes      Tmut           ##......     9%          2    ##.....
c - Spider Form           Tmut/Pois      #.........   24%         3    ###....

Your spell library contained the following spells:

 Spells                   Type           Power        Failure   Level  Hunger
 Magic Dart               Conj           #...         22%         1    #......
 Blink                    Tloc           N/A          32%         2    ##.....
 Call Imp                 Summ           #.......     32%         2    ##.....
 Slow                     Hex            #.......     32%         2    ##.....
 Mephitic Cloud           Conj/Pois/Air  #.......     45%         3    ###....
 Conjure Flame            Conj/Fire      #.......     54%         3    ###....
 Ice Form                 Ice/Tmut       #.......     71%         4    #####..
 Blade Hands              Tmut           ##........   83%         5    ######.


Dungeon Overview and Level Annotations

Branches:
Dungeon (3/15)              Sewer (visited)

Altars:
Trog
Uskayaw

Annotations:
D:3 Grinder


Innate Abilities, Weirdness & Mutations

You cannot wear most types of armour.
You are very stealthy in the water. (Stealth+)
You are amphibious.
You can wear up to eight rings at the same time.
You can use your tentacles to constrict eight enemies at once.
Your skin changes colour to match your surroundings (Stealth+).
Your rubbery body absorbs attacks. (AC +1, EV +1)
One of your tentacles bears a large vicious spike.


Message History

You tentacle-slap Grinder.
Grinder is heavily wounded.
You constrict Grinder. Grinder hits you.
You writhe in agony.
* * * LOW HITPOINT WARNING * * *
You tentacle-slap Grinder.
Your tentacle spike misses Grinder.
Grinder is severely wounded.
You constrict Grinder. Grinder hits you.
* * * LOW HITPOINT WARNING * * *
Your magical contamination has completely faded away.
You tentacle-slap Grinder but do no damage.
You pierce Grinder.
Grinder is severely wounded.
You constrict Grinder. Grinder gestures at you.
You resist with significant effort.
You tentacle-slap Grinder but do no damage.
Grinder is almost dead.
Your transformation is almost over.
You constrict Grinder. Grinder hits you!
You die...

####.######.>,,,,,**
###.........,,,,,,,*
#......####.,,,,,,,+
#.#)†s.#..#.,,,,,,,*
#.#.._.#(.#.,,,,,,**
#.#....#(.#K,,,,,**
#......####.,,,,**
####K#.......,*+**
#...@...#####**,*
#.##5##.# *,*
#,*#.#*.#*** **,**
*,*#.#*.#*,***,,,**
*,*#..,,,,*,*,,,,,***
*,*###*,**,***,,,,,,,
*,* *,**,****,,****
*,*****,**,,,<,,,*
*,,,,,,,**********


You could see Grinder, 2 dancing weapons, a giant cockroach and a kobold.

Vanquished Creatures
  2 bullfrogs (Sewer)
  4 adders
  An ooze (D:1)
  2 worms (D:3)
  A dart slug (D:1)
  4 leopard geckos
  An orc (D:3)
  4 ball pythons (Sewer)
  15 giant cockroaches
  6 goblins
  9 hobgoblins
  A quokka (D:2)
  8 bats
  12 frilled lizards
  10 kobolds
  5 rats
85 creatures vanquished.

Notes
Turn   | Place    | Note
-------+----------+-------------------------------------------
     0 | D:1      | BlueFish the Octopode Transmuter began the quest for the
                  | Orb.
     0 | D:1      | Reached XP level 1. HP: 13/13 MP: 3/3
   305 | D:1      | Reached XP level 2. HP: 15/18 MP: 3/5
   312 | D:1      | Learned a level 2 spell: Sticks to Snakes
   653 | D:1      | Reached skill level 1 in Stealth
   795 | D:1      | Reached XP level 3. HP: 23/23 MP: 4/6
   800 | D:1      | Learned a level 3 spell: Spider Form
  1435 | D:2      | Reached XP level 4. HP: 15/28 MP: 7/7
  1703 | D:2      | Found a bloodstained altar of Trog.
  2319 | D:3      | Found a glowing drain.
  2345 | Sewer    | Entered a sewer
  2363 | Sewer    | Reached XP level 5. HP: 10/34 MP: 3/8
  2689 | Sewer    | Reached skill level 4 in Unarmed Combat
  2689 | Sewer    | Reached skill level 1 in Poison Magic
  2726 | Sewer    | Reached XP level 6. HP: 12/39 MP: 7/9
  3026 | D:3      | Found a hide-covered altar of Uskayaw.
  3029 | D:3      | Noticed a -3 dagger
  3030 | D:3      | Noticed a +0 hand axe
  3043 | D:3      | Noticed Grinder
  3060 | D:3      | Slain by Grinder

Levels and vault maps discovered:
D:1:      lemuel_arrival_rhombus, layout_loops_corners
D:2:      layout_rooms, bloody_trog, minmay_misc_feat_doors
D:3:      layout_loops_corners, dancing_weapons_uskayaw, first_ration,
          gup_sewer_entry_pipe, uniq_grinder

Skill      XL: |  1  2  3  4  5 |
---------------+----------------+-----
Stealth        | 1 2 |  2.8
Unarmed Combat | 4 |  4.3
Transmutations | 3 |  3.2
Poison Magic   | 1 |  1.4
Fighting       | 2 |  2.0
Dodging        | |  2.6
Spellcasting   | |  2.6

Action                   |  1- 3 |  4- 6 || total
-------------------------+-------+-------++-------
Melee: Unarmed           |    77 |   103 ||   180
       Constrict         |    21 |    32 ||    53
       Kick              |    11 |    22 ||    33
       Tentacles         |    13 |    14 ||    27
       Punch             |     1 |     2 ||     3
 Cast: Beastly Appendage |    23 |    23 ||    46
       Sticks to Snakes  |       |     2 ||     2
  Use: Scroll            |     2 |     8 ||    10
 Stab: Sleeping          |     7 |     4 ||    11
  Eat: Chunk             |     2 |     5 ||     7
Armor: Skin              |     6 |     5 ||    11
Dodge: Dodged            |    39 |    65 ||   104

Table legend:
 A = Non-vault XP
 B = Vault XP
 C = Vault XP percentage of total XP
 D = Non-vault monster count
 E = Vault monster count
 F = Vault count percentage of total count
                 A         B        C        D         E       F
            +---------+---------+-------+---------+---------+-------
      Total |     147 |     226 |  60.6 |      60 |      25 |  29.4
            +---------+---------+-------+---------+---------+-------
        D:1 |      61 |       0 |   0.0 |      31 |       0 |   0.0
        D:2 |      64 |       0 |   0.0 |      20 |       0 |   0.0
        D:3 |      22 |      14 |  38.9 |       9 |       7 |  43.8
      Sewer |       0 |     212 | 100.0 |       0 |      18 | 100.0
            +---------+---------+-------+---------+---------+-------
